 Dungeon Crawl Stone Soup version 0.30-a0-218-gedb9141078 (webtiles) character file.

Game seed: 6952429473061359405

128584 Decritt the Fighter (level 17, -8/112 HPs)
             Began as a Gargoyle Earth Elementalist on Oct 5, 2022.
             Was the Champion of Vehumet.
             Mangled by a broodmother (16 damage)
             ... on level 2 of the Spider Nest.
             The game lasted 02:19:22 (37070 turns).

Decritt the Fighter (Gargoyle Earth Elementalist)  Turns: 37070, Time: 02:19:23

Health: -8/112     AC: 34    Str: 17    XL:     17   Next: 3%
Magic:  19/43      EV: 15    Int: 38    God:    Vehumet [******]
Gold:   3152       SH:  0    Dex: 10    Spells: 15/40 levels left

rFire   + . .      SeeInvis .    f - staff of earth
rCold   . . .      Faith    .    W - orb {light}
rNeg    + + .      Spirit   .    x - +3 leather armour {rF+}
rPois   ∞          Reflect  .    M - +3 hat of Pondering {ponderous, Will+ MP+10 Int+5}
rElec   +          Harm     .    K - +1 cloak
rCorr   .          Rampage  .    i - +1 pair of gloves
Will    ++...                    e - +1 pair of boots of Dithmenos {Contam +Inv rN+ Int+2}
Stlth   +.........               F - amulet of the Griffon {RegenMP rElec Str+6}
HPRegen 0.38/turn                r - +6 ring of intelligence
MPRegen 0.68/turn                k - +4 ring of protection

@: flying, glowing, slow
A: sickness immunity, AC +12, big wings, negative energy resistance 1,
electricity resistance, torment resistance 1, petrification resistance
a: Renounce Religion, Evoke Invisibility


You were on level 2 of the Spider Nest.
You worshipped Vehumet.
Vehumet was exalted by your worship.
You visited 5 branches of the dungeon, and saw 26 of its levels.
You also visited: Ossuary.

You collected 3152 gold pieces.

Inventory:

Hand Weapons
 Y - the +2 trident "Koq Goik" {elec, Will+ Dex+3}
   (You found it on level 4 of the Lair of Beasts)

   It occasionally discharges a powerful burst of electricity upon striking a
   foe.
   Dex:       It affects your dexterity (+3).
   Will:      It increases your willpower.
Armour
 e - the +1 pair of boots of Dithmenos (worn) {Contam +Inv rN+ Int+2}
   (You found it on level 8 of the Dungeon)

   Int:       It affects your intelligence (+2).
   rN:        It protects you from negative energy.
   +Inv:      It lets you turn invisible.
   Contam:    It causes magical contamination when unequipped.
 i - a +1 pair of gloves (worn)
 q - the +5 ring mail of Complete Protection {rF- Will+ Str+4 Int+2}
   (You found it on level 3 of the Dungeon)

   Str:       It affects your strength (+4).
   Int:       It affects your intelligence (+2).
   rF:        It makes you vulnerable to fire.
   Will:      It increases your willpower.
 t - +0 fire dragon scales
 x - a +3 leather armour of fire resistance (worn)
 I - a +0 kite shield
 K - a +1 cloak (worn)
 M - the +3 hat of Pondering (worn) {ponderous, Will+ MP+10 Int+5}
   (You took it off Gastronok on level 12 of the Dungeon)

   Int:       It affects your intelligence (+5).
   MP:        It affects your magic capacity (+10).
   Will:      It increases your willpower.
 W - an orb of light (worn)
Magical Staves
 f - a staff of earth (weapon)
 A - a staff of cold
Jewellery
 k - a +4 ring of protection (right hand)
 r - a +6 ring of intelligence (left hand)
 C - an amulet of reflection
 F - the amulet of the Griffon (around neck) {RegenMP rElec Str+6}
   (You found it on level 10 of the Dungeon)

   [amulet of magic regeneration]

   It increases your rate of magic regeneration.
   Str:       It affects your strength (+6).
   rElec:     It insulates you from electricity.
 U - a ring of resist corrosion
Wands
 a - a wand of digging (4)
 y - a wand of flame (9)
Scrolls
 n - 8 scrolls of teleportation
 o - 4 scrolls of poison
 z - 4 scrolls of immolation
 D - a scroll of amnesia
 H - 2 scrolls of enchant armour
 J - 6 scrolls of fear
 L - 3 scrolls of fog
 P - 2 scrolls of torment
 R - 3 scrolls of summoning
 Z - a scroll of silence
Potions
 b - 3 potions of magic
 c - 2 potions of invisibility
 d - 4 potions of resistance
 g - 4 potions of heal wounds
 h - 8 potions of ambrosia
 l - 9 potions of brilliance
 p - 9 potions of curing
 s - 4 potions of haste
 u - 3 potions of cancellation
 v - 8 potions of mutation
 w - 11 potions of lignification
Miscellaneous
 N - a condenser vane


   Skills:
 + Level 14.8 Fighting
 - Level 10.0 Armour
 + Level 10.8 Dodging
 - Level 2.1 Stealth
 - Level 12.3 Spellcasting
 + Level 12.9 Conjurations
 - Level 3.0 Translocations
 - Level 0.7 Transmutations
 - Level 7.2 Fire Magic
 + Level 14.7 Earth Magic
 - Level 2.0 Evocations


You had 15 spell levels left.
You knew the following spells:

 Your Spells              Type           Power      Damage    Failure   Level
a - Iron Shot             Conj/Erth      56%        9d11      1%          6
b - Fireball              Conj/Fire      39%        3d16      1%          5
c - Lee's Rapid Deconstr  Erth           58%        3d28*     1%          5
d - Teleport Other        Tloc           46%        N/A       1%          3
e - Stone Arrow           Conj/Erth      100%       3d13      0%          3
f - Sandblast             Erth           100%       2d20      0%          1
g - Passwall              Tmut/Erth      74%        N/A       1%          2

Your spell library contained the following spells:

 Spells                   Type           Power      Damage    Failure   Level
 Yara's Violent Unravell  Hex/Tmut       13%        3d7       12%         5
 Freeze                   Ice            92%        1d10      1%          1
 Momentum Strike          Conj/Tloc      100%       3d10      1%          2
 Dazzling Flash           Conj/Hex       100%       N/A       1%          3
 Frozen Ramparts          Ice            46%        1d7       1%          3
 Gell's Gravitas          Tloc           46%        N/A       1%          3
 Hailstorm                Conj/Ice       64%        3d14      1%          3
 Ignite Poison            Fire/Tmut/Pois 43%        N/A       1%          3
 Kindle Blastsparks       Fire/Tloc/Air  98%        2d18      1%          3
 Fulminant Prism          Conj/Hex       32%        3d16      1%          4
 Iskenderun's Mystic Bla  Conj/Tloc      71%        2d14      1%          4
 Leda's Liquefaction      Hex/Erth       43%        N/A       1%          4
 Petrify                  Tmut/Erth      89%        N/A       1%          4
 Sticky Flame             Conj/Fire      79%        2d9       1%          4
 Iskenderun's Battlesphe  Conj           88%        2d14      1%          5
 Ensorcelled Hibernation  Hex/Ice        46%        N/A       2%          2
 Portal Projectile        Hex/Tloc       68%        N/A       3%          3
 Spider Form              Tmut/Pois      26%        N/A       4%          3
 Call Canine Familiar     Summ           23%        N/A       5%          3
 Manifold Assault         Tloc           46%        N/A       5%          4
 Ice Form                 Ice/Tmut       26%        N/A       16%         4
 Anguish                  Hex/Necr       11%        N/A       19%         4
 Spellforged Servitor     Conj/Summ      32%        N/A       28%         7
 Dispersal                Tloc           23%        N/A       63%         6
 Ignition                 Fire           33%        3d10      80%         8
 Simulacrum               Ice/Necr       11%        N/A       96%         6
 Enfeeble                 Hex            11%        N/A       100%        7
 Disjunction              Tloc           23%        N/A       100%        8


Dungeon Overview and Level Annotations

Branches:
Dungeon (15/15)            Temple (1/1) D:6            Lair (5/5) D:8
 Shoals (0/4) Lair:3       Spider (3/4) Lair:2        Slime (0/5) Lair:5
    Orc (2/2) D:12            Elf (0/3) Orc:2        Vaults (0/5) D:13
 Depths (0/4) D:15        Ossuary (visited)

Altars:
Ashenzari
Dithmenos
Gozag
Makhleb
Okawaru
Qazlal
Sif Muna
Uskayaw
Vehumet
Wu Jian
The Shining One

Shops:
D:3 (   D:12 !   Orc:2 ?==!

Annotations:
Lair:4 1 runed translucent door, sanka's ghost, journeyman GnRe


Innate Abilities, Weirdness & Mutations

You are immune to sickness and miasma.
Your stone body is resilient. (AC +12)
You are immune to poison.
Your large and strong wings let you fly.
You resist negative energy. (rN+)
You are resistant to electric shocks. (rElec)
You are resistant to unholy torment.
You are immune to petrification.


Message History

You feel your power returning. The broodmother bites you!
* * * LOW HITPOINT WARNING * * *
You feel much better. The broodmother bites you!!
* * * LOW HITPOINT WARNING * * *
The broodmother bites you but does no damage.
The moth of wrath closely misses you.
Casting: Iron Shot (mildly dangerous; 1% risk of failure)
Confirm with . or Enter, or press ? or * to list all spells.
Aiming: Iron Shot (mildly dangerous; 1% risk of failure)
Press: ? - help, Shift-Dir - straight line, f - moth of wrath
Aim: a moth of wrath (haloed, 85% to hit)
You feel a surge of power!
The iron shot hits the moth of wrath!!!
You kill the moth of wrath!
Vehumet accepts your kill.
The broodmother bites you but does no damage.
The demonic crawler hits you but does no damage.
The demonic crawler misses you. The demonic crawler hits you!
* * * LOW HITPOINT WARNING * * *
The broodmother bites you.
* * * LOW HITPOINT WARNING * * *
A spider bursts forth from the wound!
You feel much better. The broodmother barely misses you.
The demonic crawler hits you but does no damage. x2
The demonic crawler closely misses you.
The redback bites you but does no damage.
The broodmother misses you.
Casting: Iron Shot (mildly dangerous; 1% risk of failure)
Confirm with . or Enter, or press ? or * to list all spells.
Aiming: Iron Shot (mildly dangerous; 1% risk of failure)
Press: ? - help, Shift-Dir - straight line, f - broodmother
Aim: a broodmother (berserk, haloed, 96% to hit)
You feel a surge of power!
The iron shot hits the broodmother!!!
The broodmother is moderately wounded.
The broodmother bites you!!
* * * LOW HITPOINT WARNING * * *
The redback bites you but does no damage.
The demonic crawler closely misses you. The demonic crawler hits you.
* * * LOW HITPOINT WARNING * * *
The demonic crawler closely misses you. The broodmother bites you!
You die...

#^### ###..#^#..##....#..
##..#### #..####.##.....#.#
#.....# #...##.##....####.
##....####.....#....## #.
##...#.<##~#..#^.#..# #.
####.......#....##.#### #.
#..######..#..#.#### ##
#..†>.#..s....#.### #### #
#..^.....s@#..###.# ##..# #
##.....#.s.#......###.†.# #
##....##..##......#..#####
###....#######...###....#..#
##.#...##.#........####....##
#........##.##...#....##...#.
#####...####^#.####^.######.#
#..####..##.## #..# #..#
##...##.###..# #### #.##


You could see a broodmother (berserk), a demonic crawler and a redback
(summoned).

Vanquished Creatures
  Rupert (D:12)
  Gastronok (D:12)
  An emperor scorpion (Spider:2)
  The ghost of Viuc the Severer, a journeyman MiBe of Trog (D:14)
  A ghost moth (Spider:2)
  A stone giant (D:14)
  2 broodmothers
  Snorg (D:12)
  2 entropy weavers
  2 fire dragons
  4 vault guards (D:13)
  4 hydras
  Harold (D:10)
  An ogre mage (D:15)
  3 catoblepae
  4 boulder beetles
  2 jorogumos
  13 two-headed ogres
  2 death knights
  6 centaur warriors
  5 death yaks
  8 orc high priests (Orc:2)
  2 pharaoh ants (Spider:2)
  A sun moth (Spider:2)
  A steelbarb worm (Lair:2)
  An orb spider (Spider:2)
  A necromancer (D:15)
  2 orc knights (Orc:2)
  Pikel (D:9)
  A lindwurm (Lair:5)
  2 deep elf zephyrmancers (D:15)
  An oklob plant (Lair:2)
  4 wizards
  8 wolf spiders
  13 ugly things
  5 cyclopes
  An orc sorcerer (Orc:2)
  2 manticores
  8 elephants
  A moth of wrath (Spider:2)
  15 black mambas
  Maurice (Orc:1)
  2 molten gargoyles (Lair:5)
  2 torpor snails
  10 cane toads
  A gargoyle (D:11)
  Maggie (Lair:2)
  6 rime drakes
  2 centaur skeletons (D:15)
  7 komodo dragons
  3 unseen horrors
  A kobold demonologist (D:11)
  A komodo dragon (shapeshifter) (D:15)
  7 demonic crawlers
  9 yaktaurs (D:15)
  5 trolls
  A merfolk (Lair:3)
  2 polar bears (Lair:5)
  A hornet (D:7)
  Grinder (D:4)
  9 tarantellas
  A raiju (shapeshifter) (D:15)
  20 blink frogs
  15 slime creatures
  4 dream sheep (Lair:2)
  13 jumping spiders
  3 shadows
  12 culicivoras
  A vampire (D:10)
  3 wraiths
  33 yaks
  5 basilisks
  7 humans (D:13)
  11 wyverns
  Eustachio (D:6)
  4 steam dragons
  30 redbacks
  3 vampire mosquitoes
  2 acid dragons
  Edmund (D:4)
  3 wargs (Orc:2)
  4 hell hounds (Lair:5)
  11 water moccasins
  Duvessa (D:7)
  16 orc warriors
  4 black bears
  3 ice beasts (D:6)
  4 sky beasts
  13 centaurs
  5 ogres
  18 wolves
  A phantom (D:5)
  12 kobold brigands
  12 bullfrogs
  7 gnoll sergeants
  A necrophage (D:4)
  3 wyvern zombies (Ossuary)
  4 scorpions
  2 water moccasin zombies (Ossuary)
  8 wights
  Dowan (D:7)
  An elephant simulacrum (Lair:5)
  19 killer bees
  12 howler monkeys
  9 electric eels
  2 centaur zombies
  5 lava snakes (Lair:5)
  A bullfrog zombie (Ossuary)
  2 jellies
  11 hounds
  37 orc priests
  14 mummies (Ossuary)
  25 orc wizards
  3 iguanas
  A polar bear simulacrum (Lair:5)
  A killer bee zombie (Ossuary)
  A wolf simulacrum (Lair:5)
  3 howler monkey zombies (Ossuary)
  15 gnolls
  8 adders
  3 shadow imps
  A white imp (D:5)
  An ufetubus (D:6)
  3 worms
  A dart slug (D:2)
  80 orcs
  2 bats (D:2)
  9 endoplasms
  5 giant cockroaches
  3 goblins
  8 hobgoblins
  19 jackals
  6 quokkas
  8 ball pythons
  5 frilled lizards
  24 kobolds
  5 rats
863 creatures vanquished.

Vanquished Creatures (others)
  An elephant (Lair:2)
  A human (D:13)
  An orc (D:8)
  A kobold (D:7)
  32 fungi
  54 plants
  3 toadstools (D:6)
  6 withered plants
99 creatures vanquished.

Grand Total: 962 creatures vanquished

Notes
Turn   | Place    | Note
-------+----------+-------------------------------------------
     0 | D:1      | Decritt the Gargoyle Earth Elementalist began the quest for
                  | the Orb.
     0 | D:1      | Reached XP level 1. HP: 10/10 MP: 3/3
   198 | D:1      | Reached XP level 2. HP: 8/16 MP: 0/5
   265 | D:1      | Reached skill level 1 in Fighting
   673 | D:1      | Reached XP level 3. HP: 20/20 MP: 4/6
   715 | D:1      | Found a faded altar of an unknown god.
  1404 | D:2      | Learned a level 3 spell: Stone Arrow
  1407 | D:2      | Learned a level 2 spell: Passwall
  1594 | D:2      | Reached XP level 4. HP: 24/26 MP: 5/8
  2285 | D:3      | Identified the +5 ring mail of Complete Protection {rF-
                  | Will+ Str+4 Int+2}
  2306 | D:3      | Found a hide-covered altar of Uskayaw.
  2492 | D:3      | Found Cygusen's Antique Weapon Boutique.
  2666 | D:3      | Reached skill level 1 in Conjurations
  2667 | D:3      | Reached XP level 5. HP: 18/31 MP: 2/9
  3065 | D:3      | Reached skill level 1 in Armour
  3065 | D:3      | Reached skill level 5 in Earth Magic
  3098 | D:3      | Identified a scroll of acquirement
  3098 | D:3      | Acquired a staff of earth
  3232 | D:4      | Reached XP level 6. HP: 37/37 MP: 0/10
  3470 | D:4      | Noticed Grinder
  3474 | D:4      | Killed Grinder
  3475 | D:4      | Reached XP level 7. HP: 42/42 MP: 1/11
  3600 | D:4      | Noticed Edmund
  3605 | D:4      | Killed Edmund
  4248 | D:5      | Entered Level 5 of the Dungeon
  4531 | D:5      | Found a sand-covered staircase.
  4602 | Ossuary  | Entered an ossuary
  4621 | Ossuary  | Reached XP level 8. HP: 48/48 MP: 9/13
  4973 | Ossuary  | Reached skill level 5 in Fighting
  5646 | D:4      | Reached XP level 9. HP: 20/55 MP: 6/16
  5852 | D:5      | Reached skill level 5 in Armour
  6159 | D:6      | Found a staircase to the Ecumenical Temple.
  6169 | Temple   | Entered the Ecumenical Temple
  6186 | Temple   | Became a worshipper of Vehumet
  6815 | D:6      | Reached skill level 5 in Spellcasting
  6911 | D:6      | Reached skill level 1 in Fire Magic
  7273 | D:6      | Reached * piety under Vehumet
  7273 | D:6      | Offered knowledge of Shock by Vehumet.
  7283 | D:6      | Noticed Eustachio
  7388 | D:6      | Killed Eustachio
  7690 | D:7      | Noticed Duvessa
  7690 | D:7      | Noticed Dowan
  7773 | D:7      | Killed Duvessa
  7774 | D:7      | Reached skill level 5 in Conjurations
  7775 | D:7      | Killed Dowan
  7776 | D:7      | Reached XP level 10. HP: 59/61 MP: 8/18
  7844 | D:7      | Learned a level 3 spell: Teleport Other
  7915 | D:7      | Reached skill level 1 in Translocations
  8467 | D:7      | Reached ** piety under Vehumet
  8511 | D:6      | Offered knowledge of Foxfire by Vehumet.
  8993 | D:7      | Reached skill level 5 in Dodging
  9662 | D:8      | Offered knowledge of Momentum Strike by Vehumet.
  9840 | D:8      | Found an iron altar of Okawaru.
  9849 | D:8      | Identified the +1 pair of boots of Dithmenos {Contam +Inv
                  | rN+ Int+2}
 10020 | D:8      | Learned a level 2 spell: Momentum Strike
 10383 | D:8      | Reached *** piety under Vehumet
 10524 | D:8      | Found a staircase to the Lair.
 10532 | D:8      | Reached XP level 11. HP: 66/69 MP: 13/20
 10757 | D:8      | Noticed a two-headed ogre
 10760 | D:8      | Killed a two-headed ogre
 11433 | D:9      | Noticed a two-headed ogre
 11537 | D:9      | Noticed Pikel
 11542 | D:9      | Killed Pikel
 11663 | D:9      | Found a glowing golden altar of the Shining One.
 11665 | D:9      | Found an ornate altar of the Wu Jian Council.
 11958 | D:9      | Killed a two-headed ogre
 11959 | D:9      | Reached skill level 1 in Evocations
 12086 | D:9      | Noticed a two-headed ogre
 12091 | D:9      | Killed a two-headed ogre
 12525 | D:10     | Entered Level 10 of the Dungeon
 12526 | D:10     | Noticed Harold
 12533 | D:10     | Killed Harold
 12767 | Lair:1   | Entered Level 1 of the Lair of Beasts
 13001 | Lair:1   | Noticed a catoblepas
 13010 | Lair:1   | Killed a catoblepas
 13320 | Lair:1   | You fall into a shaft and drop 1 floor!
 13431 | Lair:2   | Learned a level 6 spell: Iron Shot
 13450 | Lair:2   | Offered knowledge of Airstrike by Vehumet.
 14169 | Lair:1   | Reached XP level 12. HP: 77/77 MP: 15/22
 14348 | Lair:1   | Reached skill level 10 in Fighting
 14877 | Lair:2   | Found a glowing golden altar of the Shining One.
 15194 | Lair:2   | Noticed a catoblepas
 15200 | Lair:2   | Killed a catoblepas
 15840 | Lair:2   | Noticed Maggie
 15845 | Lair:2   | Killed Maggie
 15845 | Lair:2   | Reached **** piety under Vehumet
 16415 | Lair:2   | Found a hole to the Spider Nest.
 16587 | Lair:2   | Offered knowledge of Kindle Blastsparks by Vehumet.
 16707 | Lair:3   | Reached skill level 10 in Earth Magic
 16928 | Lair:3   | Reached XP level 13. HP: 84/84 MP: 3/25
 18367 | Lair:3   | Found a staircase to the Shoals.
 18820 | Lair:3   | Reached ***** piety under Vehumet
 18820 | Lair:3   | Offered knowledge of Starburst by Vehumet.
 19470 | Lair:4   | Identified the +2 trident "Koq Goik" {elec, Will+ Dex+3}
 20809 | Lair:4   | Found a runed translucent door.
 20810 | Lair:4   | Noticed sanka's ghost (journeyman GnRe)
 20981 | Lair:5   | Entered Level 5 of the Lair of Beasts
 21451 | Lair:5   | Found a frozen archway.
 22017 | Lair:5   | Reached skill level 10 in Conjurations
 22054 | Lair:5   | Found a staircase to the Slime Pits.
 22066 | Lair:5   | Gained mutation: Your large and strong wings let you fly.
                  | [Gargoyle growth]
 22066 | Lair:5   | Reached XP level 14. HP: 86/92 MP: 14/27
 22459 | Lair:5   | Reached skill level 10 in Armour
 23140 | Lair:5   | Got the Atlas of the Big Bang
 23717 | Lair:5   | Found a large runed translucent door.
 23717 | Lair:5   | Found a large runed translucent door.
 23992 | Lair:5   | Reached skill level 10 in Spellcasting
 25850 | D:10     | Identified the amulet of the Griffon {RegenMP rElec Str+6}
 26026 | D:10     | Offered knowledge of Fireball by Vehumet.
 26635 | D:11     | Learned a level 5 spell: Fireball
 27659 | D:12     | Noticed Gastronok
 27678 | D:12     | Killed Gastronok
 27709 | D:12     | Found Goecsano's Distillery.
 27885 | D:12     | Noticed Rupert
 27888 | D:12     | Killed Rupert
 27992 | D:12     | Noticed Snorg
 27996 | D:12     | Killed Snorg
 28029 | D:12     | Reached XP level 15. HP: 94/97 MP: 7/29
 28502 | D:12     | Found a staircase to the Orcish Mines.
 28919 | D:13     | Reached skill level 5 in Fire Magic
 29034 | D:13     | Offered knowledge of Lee's Rapid Deconstruction by Vehumet.
 29372 | D:13     | Found a gate to the Vaults.
 29737 | D:14     | Found an opulent altar of Gozag.
 30371 | D:14     | Found a runed translucent door.
 30375 | D:14     | Noticed Viuc's ghost (journeyman MiBe)
 30384 | D:14     | Killed Viuc's ghost
 30488 | D:14     | Learned a level 5 spell: Lee's Rapid Deconstruction
 30809 | D:15     | Entered Level 15 of the Dungeon
 31530 | D:15     | Reached XP level 16. HP: 84/105 MP: 7/31
 31963 | D:15     | Reached skill level 10 in Dodging
 32005 | D:15     | Found a staircase to the Depths.
 32175 | Orc:1    | Entered Level 1 of the Orcish Mines
 32350 | Orc:2    | Entered Level 2 of the Orcish Mines
 32363 | Orc:2    | Offered knowledge of Conjure Ball Lightning by Vehumet.
 32998 | Orc:2    | Reached ****** piety under Vehumet
 33316 | Orc:2    | Found Heosovvi's Jewellery Boutique.
 33316 | Orc:2    | Found Dorphokk's Distillery.
 33364 | Orc:2    | Found Hamm's Magic Scroll Boutique.
 33364 | Orc:2    | Found Paxiemeh's Jewellery Emporium.
 33503 | Orc:2    | Found a staircase to the Elven Halls.
 33681 | Orc:1    | Noticed Maurice
 33684 | Orc:1    | Killed Maurice
 34445 | Spider:1 | Entered Level 1 of the Spider Nest
 34885 | Spider:1 | Offered knowledge of Yara's Violent Unravelling by Vehumet.
 36986 | Spider:2 | Reached XP level 17. HP: 96/112 MP: 18/33
 37070 | Spider:2 | Mangled by a broodmother

Illustrated notes

Levels and vault maps discovered:
D:1:      lightli_arrival_farm, layout_loops_ring,
          hellmonk_ecumenical_altar_slurped_away, minmay_pentomino_t4
D:2:      layout_rooms, grunt_ministairs_14, chequers_decorated_corner,
          roderic_serpentine_path
D:3:      layout_loops_ring, nicolae_overflow_crystal_walls, serial_shops,
          nicolae_diamond_shop, minmay_starry_boxes
D:4:      layout_cave_pools, lightli_minifort, uniq_edmund, uniq_grinder
D:5:      layout_cave_pools, nicolae_ossuary_entry_ruins
D:6:      minmay_polygon_palace, layout_basic,
          minmay_temple_entry_gardened_gates, corexii_mini_fake_secret_closet,
          serial_bayou_pond_b, minmay_gold_behind_fungi,
          minmay_a_box_with_orc_wizards_in_it, uniq_eustachio
D:7:      minmay_clustersquares, layout_rooms, uniq_duvessa
D:8:      layout_loops_cross, okawaru_trees_2, erik_lair_island,
          lemuel_flame_loot_1
D:9:      layout_basic, chequers_temple_overflow_statue_of_worship, uniq_pikel
D:10:     nzn_winding_woodlands_three_and_one
          [nzn_winding_woodlands_5x15_pathside_ponds,
          nzn_winding_woodlands_5x15_cabin, nzn_winding_woodlands_5x15_jagged,
          nzn_winding_woodlands_center_garden], layout_loops_cross, uniq_harold
D:11:     layout_loops_corners, serial_aquarium, aquarium_bridge_square
          [aquarium_subvault_window, aquarium_subvault_bridge,
          aquarium_subvault_window, aquarium_subvault_bridge],
          aquarium_bridge_long_separate [aquarium_subvault_bridge,
          aquarium_subvault_wall, aquarium_subvault_bridge,
          aquarium_subvault_balcony, aquarium_subvault_bridge,
          aquarium_subvault_window], aquarium_window_corner,
          aquarium_window_corner, aquarium_window_fake, aquarium_view_2e,
          aquarium_view_2b
D:12:     layout_cave_pools, kennysheep_orc_monster_closet_entryway,
          serial_shops, nicolae_shop_crystal, uniq_gastronok, uniq_snorg,
          uniq_rupert
D:13:     layout_roguey, ximxim_vaults_locker_room
D:14:     layout_loops_corners, nicolae_gozag_cash_rules_everything_around_me,
          ebering_ghost_inner_flame
D:15:     grunt_enter_depths_magical_seal, layout_stronghold
Temple:   regret_index_temple_mists
Lair:1:   layout_cellular_growth, minivault_24
Lair:2:   layout_misc_corridors, spider_nest_entry_funnel_web,
          gauntlet_entry_generic, basic_altar, grunt_megastairs_2, uniq_maggie
Lair:3:   layout_long_grid, elwin_shoals_entry_rooms,
          chequers_serial_rivers_micro_d, grunt_megastairs_4
Lair:4:   layout_regular_city, gammafunk_ghost_grave,
          cheibrodos_lair_caveside_slide, minivault_24, guppyfry_lair_drakes
Lair:5:   cheibrodos_lair_end_hotspot, layout_cave_pods, slime_entry_1,
          portal_ice_cave_entry_ice_simulacra
Spider:1: layout_spider_delve
Spider:2: layout_spider_delve, nicolae_spider_twisty_arc_passages
Spider:3: layout_spider_delve, uniq_jorgrun
Orc:1:    layout_caves, uniq_maurice
Orc:2:    st_orc_town, layout_diamond_mine, basic_altar

Skill      XL: |  1  2  3  4  5  6  7  8  9 10 11 12 13 14 15 16 |
---------------+-------------------------------------------------+-----
Fighting       | 1 2 3 4 5 6 8 9 11 12 13 14 | 14.8
Earth Magic    | 4 5 6 7 8 10 11 13 14 | 14.7
Spellcasting   | 3 4 5 6 7 8 9 10 11 12 | 12.3
Conjurations   | 1 2 3 5 6 8 10 11 12 | 12.9
Armour         | 1 2 3 4 6 7 8 9 10 | 10.0
Dodging        | 2 3 4 5 6 7 9 10 | 10.8
Fire Magic     | 2 4 6 7 |  7.2
Translocations | 3 |  3.0
Evocations     | 2 |  2.0
Stealth        | |  2.1
Transmutations | |  0.7

Action                   |  1- 3 |  4- 6 |  7- 9 | 10-12 | 13-15 | 16-18 || total
-------------------------+-------+-------+-------+-------+-------+-------++-------
Melee: Unarmed           |     8 |       |       |       |       |       ||     8
       Punch             |     1 |       |     1 |     1 |       |       ||     3
       Spear             |    29 |       |       |       |       |       ||    29
       Dagger            |       |    13 |       |    10 |       |       ||    23
       Staff             |       |     7 |    58 |    72 |    47 |     7 ||   191
       Trident           |       |       |       |       |    12 |       ||    12
 Cast: Sandblast         |    55 |    62 |    61 |    45 |       |       ||   223
       Stone Arrow       |       |    10 |    91 |   281 |   138 |       ||   520
       Momentum Strike   |       |       |       |     4 |       |       ||     4
       Iron Shot         |       |       |       |    24 |   302 |   178 ||   504
       Teleport Other    |       |       |       |       |     5 |       ||     5
       Fireball          |       |       |       |       |    60 |    46 ||   106
       Lee's Rapid Decon |       |       |       |       |    24 |    53 ||    77
Evoke: Lightning rod     |       |       |       |       |     1 |       ||     1
       Condenser vane    |       |       |       |       |     1 |       ||     1
  Use: Scroll            |       |     6 |    16 |    10 |     4 |     2 ||    38
       Potion            |       |       |       |     1 |     2 |     3 ||     6
 Stab: Sleeping          |       |       |     1 |       |       |       ||     1
       Petrified         |       |       |       |    10 |       |       ||    10
Armor: Robe              |    21 |    12 |       |       |       |       ||    33
       Leather armour    |       |       |    82 |   171 |   238 |   156 ||   647
       Ring mail         |       |       |       |       |     7 |       ||     7
Dodge: Dodged            |    37 |    35 |   109 |   154 |   252 |   145 ||   732
Block: Other             |       |       |     3 |    72 |    26 |       ||   101
       Reflection        |       |       |       |     6 |     1 |       ||     7
       Orb               |       |       |       |       |    42 |    11 ||    53

Table legend: (Time is in decaauts)
 A = Elapsed time spent in this place.
 B = Non-inter-level travel time spent in this place.
 C = Inter-level travel time spent in this place.
 D = Time resting spent in this place.
 E = Time spent auto-exploring this place.
 F = Levels seen in this place.
 G = Mean time per level.
                   A        B        C        D        E       F      G
               +--------+--------+--------+--------+--------+-----+--------+
         Total |  37890 |  36672 |   1218 |  13400 |  16300 |  27 | 1403.3 |
       Dungeon |  19865 |  19165 |    700 |   5415 |  10130 |  15 | 1324.3 |
        Temple |     33 |     17 |     16 |      0 |      6 |   1 |   33.0 |
          Lair |  12868 |  12467 |    401 |   6192 |   4009 |   5 | 2573.6 |
   Spider Nest |   2027 |   2003 |     24 |    635 |    910 |   3 |  675.7 |
  Orcish Mines |   2175 |   2099 |     76 |    679 |   1024 |   2 | 1087.5 |
       Ossuary |    920 |    920 |      0 |    479 |    219 |   1 |  920.0 |
               +--------+--------+--------+--------+--------+-----+--------+

Top non-repeatable levels by time:
  Lair:2: 3879 daAuts
  Lair:5: 3202 daAuts
  Lair:4: 2102 daAuts
     D:7: 1932 daAuts
  Lair:1: 1868 daAuts
     D:6: 1851 daAuts
  Lair:3: 1814 daAuts
    D:10: 1709 daAuts
   Orc:2: 1622 daAuts
     D:8: 1608 daAuts
    D:11: 1491 daAuts
    D:15: 1349 daAuts
     D:9: 1328 daAuts
    D:14: 1317 daAuts
     D:3: 1264 daAuts
